 Dungeon Crawl Stone Soup version 0.19.4-8-ga85b6b9 (console) character file.

52434 Grinner the Covert (level 14, 0/64 HPs)
             Began as a Spriggan Gladiator on Feb 15, 2017.
             Was an Initiate of Gozag.
             Slain by a molten gargoyle
             ... wielding a +0 dire flail
              (4 damage)
             ... in a volcano.
             The game lasted 01:43:19 (22984 turns).

Grinner the Covert (Spriggan Gladiator)            Turns: 22984, Time: 01:43:21

Health: 0/64       AC: 10    Str:  3 (11) XL:     14   Next: 27%
Magic:  26/26      EV: 31    Int:  7 (10) God:    Gozag
Gold:   1198       SH:  6    Dex: 18 (21) Spells: 1 memorised, 26 levels left

rFire  + . .     SeeInvis +     a - +7 quarterstaff (elec)
rCold  + . .     Gourm    .     z - +2 robe {rC+ rF+}
rNeg   . . .     Faith    .     (shield currently unavailable)
rPois  +         Spirit   .     c - +2 hat
rElec  .         Reflect  +     u - +2 cloak {rPois}
rCorr  .         Harm     .     (gloves unavailable)
MR     +++..                    (boots unavailable)
Stlth  +++++++...               r - +6 amulet of reflection
                                p - +1 ring of protection
                                A - ring of stealth

@: gold aura, very slightly contaminated, invisible, very quick
A: unfitting armour, antennae 1, see invisible, deterioration 2, herbivore 3,
speed 3, frail 1, magic resistance 1, poison resistance, slow metabolism 2
a: Potion Petition, Call Merchant, Bribe Branch, Renounce Religion


You were in a volcano.
You worshipped Gozag.
Gozag was most pleased with you.
You were not hungry.

You visited 3 branches of the dungeon, and saw 21 of its levels.
You also visited: Labyrinth and Volcano.

You collected 6274 gold pieces.
You spent 437 gold pieces at shops.
You paid 4639 gold pieces to Gozag.

Inventory:

Hand Weapons
 a - a +7 quarterstaff of electrocution (weapon)
Missiles
 q - 2 curare-tipped needles
Armour
 c - a +2 hat (worn)
 u - a +2 cloak of poison resistance (worn)
 z - a +2 robe of resistance (worn)
Magical Staves
 h - an uncursed staff of poison
 L - an uncursed staff of summoning
Jewellery
 d - an uncursed amulet of magic regeneration
 p - a +1 ring of protection (right hand)
 r - a +6 amulet of reflection (around neck)
 A - a ring of stealth (left hand)
 E - an uncursed ring of wizardry
 I - an uncursed ring of ice
Wands
 k - a wand of iceblast (0/15)
 t - a wand of digging (5/24)
 B - a wand of random effects (0/48)
 C - a wand of lightning (0/15)
 D - a wand of flame (0/48)
 G - a wand of flame (21/48)
 H - a wand of paralysis (3/24)
 J - a wand of enslavement (6/24)
 R - a wand of paralysis (10/24)
Scrolls
 e - 4 scrolls of amnesia
 i - 6 scrolls of fear
 m - 3 scrolls of magic mapping
 n - 5 scrolls of remove curse
 y - 11 scrolls of identify
 F - 4 scrolls of enchant armour
 N - 2 scrolls of recharging
 Q - a scroll of enchant weapon
Potions
 j - a potion of magic
 K - a potion of brilliance
 M - 2 potions of curing
 S - a potion of flight
Books
 l - a book of Conjurations

   Spells                             Type                      Level
   a - Magic Dart                     Conjuration                  1
   b - Searing Ray                    Conjuration                  2
   c - Dazzling Spray                 Conjuration/Hexes            3
   d - Fulminant Prism                Conjuration/Hexes            4
   e - Iskenderun's Mystic Blast      Conjuration                  4
   f - Iskenderun's Battlesphere      Conjuration/Charms           5
 v - a Young Poisoner's Handbook

   Spells                             Type                      Level
   a - Sting                          Conjuration/Poison           1
   b - Mephitic Cloud                 Conjuration/Poison/Air       3
   c - Olgreb's Toxic Radiance        Poison                       4
   d - Alistair's Intoxication        Transmutation/Poison         5
   e - Venom Bolt                     Conjuration/Poison           5
 w - a book of Necromancy

   Spells                             Type                      Level
   a - Pain                           Necromancy                   1
   b - Animate Skeleton               Necromancy                   1
   c - Vampiric Draining              Necromancy                   3
   d - Regeneration                   Charms/Necromancy            3
   e - Animate Dead                   Necromancy                   4
   f - Control Undead                 Necromancy                   4
 O - a book of Callings

   Spells                             Type                      Level
   a - Summon Small Mammal            Summoning                    1
   b - Call Imp                       Summoning                    2
   c - Call Canine Familiar           Summoning                    3
   d - Summon Guardian Golem          Hexes/Summoning              3
   e - Summon Lightning Spire         Summoning/Air                4
   f - Summon Ice Beast               Ice/Summoning                4
Miscellaneous
 b - a disc of storms
Comestibles
 f - 7 bread rations
 g - 24 fruits
 s - 13 slices of pizza


   Skills:
 - Level 7.0 Fighting
 * Level 13.9 Staves
 - Level 2.0 Throwing
 - Level 14.0 Dodging
 + Level 14.6 Stealth
 - Level 7.4 Spellcasting
 - Level 1.3 Conjurations
 - Level 2.0 Poison Magic


You had 26 spell levels left.
You knew the following spells:

 Your Spells              Type           Power        Failure   Level  Hunger
z - Sting                 Conj/Pois      #...         12%         1    None


Dungeon Overview and Level Annotations

Branches:
Dungeon (13/15)            Temple (0/1) D:7            Lair (6/6) D:11
  Swamp (0/4) Lair:2       Spider (0/4) Lair:3          Orc (2/2) D:9
    Elf (0/3) Orc:2        Vaults (0/5) D:13
  Slime: Lair:5-6

Altars:
Dithmenos
Elyvilon
Gozag
Kikubaaqudgha
Qazlal
Uskayaw
Yredelemnul

Shops:
D:7 (   D:8 *   D:11 [   D:12 *   D:13 !

Portals:
Trove: D:11 (give 17 scrolls of identify)

Annotations:
D:11 1 exclusion
D:13 exclusions: slime creature and 1 more exclusion
Lair:5 exclusion: oklob plant


Innate Abilities, Weirdness & Mutations

You are very small and have problems with some larger weapons.
You are too small for most types of armour.
You have supernaturally acute eyesight. (SInv)
You are a herbivore.
You cover ground extremely quickly.
You need consume almost no food.
You have a pair of small antennae on your head.
Your body often deteriorates upon taking damage.
You are frail. (-10% HP)
You are resistant to hostile enchantments. (MR+)
Your system is resistant to poisons. (rPois)


Message History

The molten gargoyle blasts magma at you!
The bolt of magma hits you! You partially resist.
* * * LOW HITPOINT WARNING * * *
Your body deteriorates!
You feel dopey.
You catch the helpless molten gargoyle completely off-guard!
You hit the molten gargoyle but do no damage.
The molten gargoyle is moderately damaged.
You catch the helpless molten gargoyle completely off-guard!
You sock the molten gargoyle!
The molten gargoyle is severely damaged.
The molten gargoyle closely misses you.
You strike the helpless molten gargoyle from behind!
You hit the molten gargoyle.
The molten gargoyle is severely damaged.
The molten gargoyle hits you with a dire flail!
* * * LOW HITPOINT WARNING * * *
Your body deteriorates!
You feel weakened.
You are engulfed in flames.
You resist.
You die...
Your body crumbles into a pile of gold.

##..# #.≈≈.
## #.≈≈.#
##$## ..≈≈≈E
# #.9@##
.≈≈≈≈.# ##
#.###.#
≈≈kk≈.{ ##.
$$ ##.#
≈≈.≈≈≈$##.#
$ $ #.+
#+.## $ ##
## ####≈
##≈#≈≈##§§§≈
$$
.≈≈≈≈≈§.##.≈
E.v≈≈≈§§###.
#R§§§§.## ##


You could see a molten gargoyle.

Vanquished Creatures
  Snorg (Orc:1)
  Josephine (Orc:1)
  A minotaur (Lab)
  Erolcha (D:9)
  2 hydras
  2 vault guards (D:13)
  A centaur warrior (Lair:1)
  Erica (D:10)
  The ghost of elan the Destroyer, a journeyman DECj of Sif Muna (Lair:1)
  A deep elf knight (D:13)
  2 unseen horrors
  3 hill giants
  A necromancer (D:13)
  A wizard (D:13)
  2 deep elf magi (D:13)
  2 ugly things
  4 elephants (Lair:2)
  3 orc sorcerers
  A manticore (D:12)
  2 black mambas
  6 spiny frogs
  2 molten gargoyles (Volcano)
  Psyche (D:9)
  2 gargoyles
  2 rime drakes (Lair:5)
  3 komodo dragons
  11 trolls
  4 two-headed ogres
  7 hippogriffs
  16 blink frogs
  Sigmund (D:2)
  A shadow (D:11)
  5 wraiths (Orc:1)
  A vampire (D:13)
  A wyvern (Lair:4)
  34 yaks
  21 humans
  A basilisk (D:13)
  2 hungry ghosts
  7 vampire mosquitoes
  A soldier ant (D:13)
  4 wargs
  9 water moccasins
  5 porcupines
  2 black bears
  30 orc warriors
  A necrophage (D:12)
  4 phantoms
  5 ice beasts
  12 ogres
  3 centaurs
  10 crocodiles
  3 big kobolds
  12 bullfrogs
  An earth elemental (Volcano)
  A wyvern skeleton (D:13)
  4 scorpions
  A water moccasin skeleton (D:7)
  9 killer bees
  15 wights
  2 electric eels (D:9)
  3 howler monkeys
  3 crimson imps
  A quasit (D:6)
  2 centaur skeletons
  4 centaur zombies
  5 hounds
  2 jellies
  18 orc priests
  A bullfrog skeleton (D:13)
  7 iguanas
  22 orc wizards
  13 worker ants
  4 gnolls (D:6)
  16 adders
  9 shadow imps
  3 adder skeletons
  2 adder zombies (D:8)
  4 worms
  3 dart slugs
  4 leopard geckos
  98 orcs
  5 ball pythons
  7 bats
  4 giant cockroaches
  5 goblins
  5 hobgoblins
  4 jackals
  6 quokkas
  7 frilled lizards
  A jackal skeleton (D:7)
  21 kobolds
  2 quokka skeletons (D:8)
  11 rats
597 creatures vanquished.

Vanquished Creatures (collateral kills)
  An orc warrior (Orc:1)
1 creature vanquished.

Vanquished Creatures (others)
  A bullfrog (Lair:1)
  An earth elemental (Volcano)
  A fulminant prism (Lair:1)
  2 fungi
5 creatures vanquished.

Grand Total: 603 creatures vanquished

Notes
Turn   | Place    | Note
-------+----------+-------------------------------------------
     0 | D:1      | Grinner the Spriggan Gladiator began the quest for the Orb.
     0 | D:1      | Reached XP level 1. HP: 10/10 MP: 2/2
    94 | D:1      | Reached XP level 2. HP: 13/14 MP: 3/3
   807 | D:2      | Reached skill level 5 in Dodging
   821 | D:2      | Reached XP level 3. HP: 17/18 MP: 4/4
   855 | D:2      | Found a stormy altar of Qazlal.
   887 | D:2      | Found a white marble altar of Elyvilon.
  1285 | D:2      | Noticed Sigmund
  1289 | D:2      | Gained mutation: Your body sometimes deteriorates upon taking damage. [potion of mutation]
  1289 | D:2      | Gained mutation: Your system is resistant to poisons. (rPois) [potion of mutation]
  1289 | D:2      | Gained mutation: You have a pair of small antennae on your head. [potion of mutation]
  1313 | D:2      | Killed Sigmund
  1313 | D:2      | Reached XP level 4. HP: 12/23 MP: 5/5
  1313 | D:2      | Reached XP level 5. HP: 14/27 MP: 6/6
  1741 | D:2      | Found an ancient bone altar of Kikubaaqudgha.
  1859 | D:2      | Found a basalt altar of Yredelemnul.
  1962 | D:3      | Found an opulent altar of Gozag.
  2087 | D:3      | Became a worshipper of Gozag Ym Sagoz the Greedy
  2099 | D:3      | Reached XP level 6. HP: 32/32 MP: 7/7
  3029 | D:4      | Reached XP level 7. HP: 30/36 MP: 8/8
  3082 | D:4      | Found a shadowy altar of Dithmenos.
  3985 | D:4      | Reached skill level 5 in Staves
  4067 | D:5      | Entered Level 5 of the Dungeon
  4600 | D:6      | Reached XP level 8. HP: 8/42 MP: 9/9
  5242 | D:7      | Found Muxzallyxe's Antique Weapon Shoppe.
  5342 | D:6      | Noticed an unseen horror
  5361 | D:6      | Killed an unseen horror
  5594 | D:6      | Reached skill level 10 in Dodging
  5594 | D:6      | Reached XP level 9. HP: 45/45 MP: 10/10
  5663 | D:6      | Noticed a hill giant
  5740 | D:6      | Found a hide-covered altar of Uskayaw.
  6018 | D:7      | Found a staircase to the Ecumenical Temple.
  6282 | D:8      | Bought a scroll labeled QOLEIXK RIPPOEJI for 25 gold pieces
  6953 | D:9      | Noticed Erolcha
  6977 | D:9      | Killed Erolcha
  7018 | D:9      | Reached XP level 10. HP: 49/49 MP: 11/11
  7067 | D:9      | Gained mutation: You are frail. (-10% HP) [potion of mutation]
  7067 | D:9      | Gained mutation: Your body often deteriorates upon taking damage. [potion of mutation]
  7067 | D:9      | Gained mutation: You are resistant to hostile enchantments. (MR+) [potion of mutation]
  7733 | D:9      | Noticed Psyche
  7740 | D:9      | Killed Psyche
  8502 | D:10     | Entered Level 10 of the Dungeon
  8862 | D:10     | Noticed Erica
  8887 | D:10     | Killed Erica
  8887 | D:10     | Reached skill level 10 in Staves
  9264 | D:10     | Learned a level 1 spell: Sting
  9407 | D:10     | Reached skill level 1 in Stealth
  9470 | D:10     | Reached XP level 11. HP: 35/47 MP: 12/12
 10009 | D:9      | Found a staircase to the Orcish Mines.
 10019 | Orc:1    | Entered Level 1 of the Orcish Mines
 10448 | D:11     | Found a portal to a secret trove of treasure.
 10462 | D:11     | Found a staircase to the Lair.
 10489 | D:11     | Reached skill level 5 in Stealth
 10526 | D:11     | Noticed a hill giant
 10532 | D:11     | Killed a hill giant
 10834 | D:11     | Found a labyrinth entrance.
 10843 | Lab      | Entered a labyrinth
 11096 | Lab      | Noticed a minotaur
 11111 | Lab      | Killed a minotaur
 11244 | D:11     | Bought a +0 cloak of poison resistance for 102 gold pieces
 11481 | D:11     | Noticed a fire dragon
 11719 | Lair:1   | Entered Level 1 of the Lair of Beasts
 11840 | Lair:1   | Noticed elan's ghost (journeyman DECj)
 11861 | Lair:1   | HP: 1/47 [battlesphere[elan's ghost] (13)]
 11894 | Lair:2   | Reached skill level 1 in Poison Magic
 11896 | Lair:2   | Reached skill level 1 in Spellcasting
 12262 | Lair:2   | Reached skill level 1 in Conjurations
 12524 | Lair:3   | Found a hole to the Spider Nest.
 12589 | Lair:3   | Noticed a four-headed hydra
 12617 | Lair:3   | Killed a four-headed hydra
 12814 | Lair:3   | Reached XP level 12. HP: 40/52 MP: 15/17
 13434 | Lair:4   | Reached skill level 5 in Fighting
 14305 | Lair:5   | Reached skill level 10 in Stealth
 14774 | Lair:2   | Reached skill level 5 in Spellcasting
 15022 | Lair:2   | Found a staircase to the Swamp.
 15757 | Lair:1   | Killed elan's ghost
 16211 | Orc:1    | Noticed Snorg
 16235 | Orc:1    | Killed Snorg
 16241 | Orc:1    | HP: 4/81 [orc warrior/battleaxe (15)]
 16253 | Orc:1    | Reached XP level 13. HP: 57/58 MP: 23/23
 16674 | Orc:1    | Noticed Josephine
 16696 | Orc:1    | Killed Josephine
 17500 | Orc:2    | Entered Level 2 of the Orcish Mines
 18546 | Orc:2    | Found a staircase to the Elven Halls.
 19139 | D:12     | Bought a scroll of identify for 26 gold pieces
 19139 | D:12     | Bought a scroll of enchant weapon for 97 gold pieces
 20439 | D:13     | Bought a potion of curing for 33 gold pieces
 20439 | D:13     | Bought a potion of curing for 33 gold pieces
 20439 | D:13     | Bought 2 potions of curing for 66 gold pieces
 20439 | D:13     | Bought a potion of heal wounds for 55 gold pieces
 21039 | D:13     | Reached XP level 14. HP: 47/64 MP: 26/26
 21380 | D:13     | Found a gate to the Vaults.
 22659 | Lair:6   | Entered Level 6 of the Lair of Beasts
 22705 | Lair:6   | Found a dark tunnel.
 22718 | Volcano  | Entered a volcano
 22984 | Volcano  | Slain by a molten gargoyle

Skill      XL: |  1  2  3  4  5  6  7  8  9 10 11 12 13 14 |
---------------+-------------------------------------------+-----
Dodging        | 5 6 7 8 10 11 13 14 | 14.0
Fighting       | 2 3 4 6 7 |  7.0
Staves         | 3 4 5 7 8 10 11 12 13 | 13.9
Stealth        | 2 9 11 13 14 | 14.6
Poison Magic   | 2 |  2.0
Spellcasting   | 2 6 7 |  7.4
Conjurations   | 1 |  1.3
Throwing       | |  2.0

Action                   |  1- 3 |  4- 6 |  7- 9 | 10-12 | 13-15 || total
-------------------------+-------+-------+-------+-------+-------++-------
Melee: Quarterstaff      |   110 |   126 |   433 |   913 |   972 ||  2554
Throw: Throwing net      |     3 |       |     1 |     4 |     2 ||    10
 Cast: Sting             |       |       |       |     4 |     5 ||     9
Invok: Potion Petition   |       |       |     1 |     3 |       ||     4
       Call Merchant     |       |       |     1 |     1 |     2 ||     4
Evoke: Wand              |       |       |       |    22 |     7 ||    29
  Use: Scroll            |     3 |     1 |    16 |    12 |     9 ||    41
       Potion            |     1 |     3 |     7 |     9 |    13 ||    33
 Stab: Sleeping          |     1 |     1 |     3 |    29 |    23 ||    57
       Held in net/web   |     1 |       |     1 |     2 |     2 ||     6
       Distracted        |       |       |     1 |     5 |    18 ||    24
       Invisible         |       |       |       |    10 |    10 ||    20
       Paralysed         |       |       |       |       |     1 ||     1
  Eat: Bread ration      |       |       |     1 |     2 |     1 ||     4
       Fruit             |       |       |       |     1 |       ||     1
Armor: Robe              |     4 |     9 |    16 |    40 |    29 ||    98
       Skin              |       |       |       |    52 |     5 ||    57
Dodge: Dodged            |   113 |   100 |   406 |   659 |   533 ||  1811
Block: Other             |    12 |    32 |   117 |   184 |   155 ||   500
       Reflection        |       |     2 |     1 |     4 |     4 ||    11
